cohdb
Replays
Latest Replays
All Replays
Popular Replays
Top Player Replays
Match Explorer
How It Works
Community
CoH3 Stats
Reddit
Sign in to upload your games and track your stats! →
Sign in with Steam
Match 42460970
Unlisted
Match 42460970
Overview
Messages
Build Orders
End
Kradschützen Motorcycle Team
Panzergrenadier Squad
250 Light Carrier
Construct Light Support Kompanie
Panzergrenadier Squad
Construct Mechanized Kompanie
Assault Grenadier Squad
2.5-tonne Medical Truck
Veteran Squad Leaders
Construct Panzerarmee Kommand
Armored Reserves
254 Reconnaissance Tractor
Selects Battlefield Espionage Battlegroup
Selects Battlefield Espionage Battlegroup
Selects Battlefield Espionage Battlegroup
Selects 250/3 Funkpanzerwagen
Selects Advanced Ambush Training
Panzer IV Assault Group
Rapid Advance
Selects Sector Subterfuge Beacon
Selects Transfer Depots
Emergency Repair Kits
Selects Firestorm
Tiger Heavy Tank
Firestorm
Brother
Partisan Hero
0
0
Comments
sign in to comment!
No comments posted yet!